 Dungeon Crawl Stone Soup version 0.22-a0-49-g614aadd (webtiles) character file.

376 KristoblXynda the Slasher (level 6, -4/48 HPs)
             Began as a Draconian Gladiator on Jan 8, 2018.
             Slain by Blork the orc
             ... wielding a +0 halberd
              (6 damage)
             ... on level 4 of the Dungeon.
             The game lasted 00:05:55 (3744 turns).

KristoblXynda the Slasher (Draconian Gladiator)     Turns: 3744, Time: 00:05:55

Health: -4/48      AC:  7    Str: 16    XL:     6   Next: 44%
Magic:  6/6        EV: 14    Int: 10    God:
Gold:   156        SH:  0    Dex: 13    Spells: 5/5 levels left

rFire    . . .     SeeInvis .   a - +0 long sword
rCold    . . .     Gourm    .   (no shield)
rNeg     . . .     Faith    .   (armour unavailable)
rPois    .         Spirit   .   b - +0 hat
rElec    .         Reflect  .   p - +0 cloak
rCorr    .         Harm     .   (no gloves)
MR       .....                  (no boots)
Stlth    ++........             (no amulet)
HPRegen  0.16/turn              (no ring)
MPRegen  0.10/turn              (no ring)

@: no status effects
A: unfitting armour, cold-blooded, AC +6
a: no special abilities


You were on level 4 of the Dungeon.
You were not hungry.

You visited 1 branch of the dungeon, and saw 4 of its levels.

You collected 156 gold pieces.

Inventory:

Hand Weapons
 a - a +0 long sword (weapon)
Missiles
 c - 2 throwing nets (quivered)
Armour
 b - a +0 hat (worn)
 p - a +0 cloak (worn)
 q - a +0 buckler
Wands
 i - a wand of acid (7)
Scrolls
 k - a scroll of blinking
 l - 2 scrolls of immolation
 m - a scroll of teleportation {unknown}
 t - a scroll of fear {unknown}
Potions
 h - a potion of agility {unknown}
 j - a potion of mutation
 n - 2 potions of might {unknown}
 o - a potion of haste {unknown}
Comestibles
 d - 7 rations


   Skills:
 - Level 2.1 Fighting
 + Level 4.8 Long Blades
 - Level 2.1 Throwing
 + Level 4.3 Dodging
 + Level 3.2 Stealth
 + Level 0.8 Shields


You had 5 spell levels left.
You didn't know any spells.

Dungeon Overview and Level Annotations

Branches:
Dungeon (4/15)
 Temple: D:4-7

Altars:

Annotations:
D:4 Blork the orc


Innate Abilities, Weirdness & Mutations

Your plain brown scales are hard. (AC +6)
You cannot fit into any form of body armour.
You are cold-blooded and may be slowed by cold attacks.


Message History

You barely miss Blork the orc.
Blork the orc is almost dead.
Blork the orc closely misses you.
You riposte.
You hit Blork the orc.
You tail-slap Blork the orc, but do no damage.
Blork the orc is almost dead.
You hit Blork the orc but do no damage.
Blork the orc is almost dead.
Blork the orc gestures at you while chanting.
The magic dart hits you!
You closely miss Blork the orc.
Blork the orc is almost dead.
Blork the orc gestures wildly while chanting.
Blork the orc flickers and vanishes!
Deactivating autopickup; reactivate with Ctrl-A.
You closely miss something. You tail-slap something.
You hear some strange, mumbled words.
You barely miss something. Something hits you!
* * * LOW HITPOINT WARNING * * *
Something hits you.
You die...

#....# #....### ##.
'......# #...# #......+
#...# #......# #...
####'### #..# .......
###..######## .......
#.....{...... .......
#....@>...... .......
#...........> .......
#.##+##...###
############.##.##...#
...#...#...............
...+...#................
†..#...#................
...#...#................
#.##...##...........


There were no monsters in sight!

Vanquished Creatures
  A scorpion (D:4)
  A hound (D:4)
  Crazy Yiuf (D:2)
  Jessica (D:2)
  Terence (D:2)
  An orc wizard (D:3)
  A worker ant (D:2)
  7 gnolls
  An adder (D:4)
  A shadow imp (D:4)
  An ooze (D:2)
  2 worms (D:3)
  2 dart slugs (D:1)
  8 orcs (D:3)
  2 giant cockroaches
  5 goblins
  2 hobgoblins
  12 jackals
  8 bats
  2 frilled lizards
  8 kobolds
  2 rats (D:1)
70 creatures vanquished.

Notes
Turn   | Place    | Note
-------+----------+-------------------------------------------
     0 | D:1      | KristoblXynda the Draconian Gladiator began the quest for the Orb.
     0 | D:1      | Reached XP level 1. HP: 17/17 MP: 1/1
   139 | D:1      | Reached XP level 2. HP: 24/24 MP: 2/2
   596 | D:1      | Reached XP level 3. HP: 29/29 MP: 3/3
   949 | D:2      | Found a runed door.
  1112 | D:2      | Noticed Jessica
  1116 | D:2      | Killed Jessica
  1116 | D:2      | Reached skill level 1 in Stealth
  1217 | D:2      | Reached XP level 4. HP: 27/36 MP: 4/4
  1513 | D:2      | Noticed Terence
  1526 | D:2      | Killed Terence
  1754 | D:2      | Noticed Crazy Yiuf
  1760 | D:2      | Killed Crazy Yiuf
  1760 | D:2      | Reached XP level 5. HP: 41/41 MP: 5/5
  2771 | D:3      | Found a faded altar of an unknown god.
  3128 | D:4      | Reached XP level 6. HP: 19/48 MP: 6/6
  3723 | D:4      | Noticed Blork the orc
  3744 | D:4      | HP: 2/48 [something (11)]
  3744 | D:4      | Slain by Blork the orc

Vault maps used:
D:1:      dpeg_arrival_tiny_c, serial_co_window_serial, co_window_paths_b,
          co_window_paths_b, co_window_paths_b, co_window_paths_a,
          co_window_paths_a, co_window_corner_b, co_window_of_opportunity_b,
          co_window_corner_cb
D:2:      uniq_jessica, uniq_terence, uniq_crazy_yiuf_cottage
D:3:      first_ration, chequers_ecumenical_altar_simple, st_stairs_4
D:4:      minmay_temple_entry_junction, uniq_blork_the_orc, uniq_pikel

Skill      XL: |  1  2  3  4  5  6 |
---------------+-------------------+-----
Throwing       | 2 |  2.1
Dodging        | 3 4 |  4.3
Stealth        | 1 2 3 |  3.2
Long Blades    | 4 |  4.8
Fighting       | |  2.1
Shields        | |  0.8

Action                   |  1- 3 |  4- 6 || total
-------------------------+-------+-------++-------
Melee: Long sword        |    59 |   194 ||   253
       Tailslap          |     9 |    32 ||    41
Throw: Throwing net      |       |     1 ||     1
  Use: Scroll            |       |     5 ||     5
       Potion            |       |     2 ||     2
 Stab: Sleeping          |     3 |     2 ||     5
  Eat: Chunk             |       |     7 ||     7
       Ration            |       |     1 ||     1
Armor: Skin              |    12 |    58 ||    70
Dodge: Dodged            |    42 |   157 ||   199
       Rpst.: Long sword |    18 |    42 ||    60

Table legend:
 A = Spawn XP
 B = Non-spawn XP
 C = Spawn XP percentage of total XP
 D = Spawn monster count
 E = Non-spawn monster count
 F = Spawn count percentage of total count
 G = Total turns spent on level
                    A         B        C        D         E        F      G
               +---------+---------+-------+---------+---------+-------+---------
         Total |       0 |     538 |   0.0 |       0 |      70 |   0.0 |  3744
               +---------+---------+-------+---------+---------+-------+---------
           D:1 |       0 |      43 |   0.0 |       0 |      23 |   0.0 |   838
           D:2 |       0 |     162 |   0.0 |       0 |      10 |   0.0 |  1001
           D:3 |       0 |     157 |   0.0 |       0 |      30 |   0.0 |  1246
           D:4 |       0 |     176 |   0.0 |       0 |       7 |   0.0 |   659
               +---------+---------+-------+---------+---------+-------+---------
